 Dungeon Crawl Stone Soup version 0.31-a0-240-gb923e448b6 (webtiles) character file.

Game seed: 10038904955924315662

116 qw the Shooter (level 5, -3/30 HPs)
             Began as a Gargoyle Hexslinger on July 11, 2023.
             Slain by Natasha (6 damage)
             ... on level 2 of the Dungeon.
             The game lasted 00:00:38 (1055 turns).

qw the Shooter (Gargoyle Hexslinger)                Turns: 1055, Time: 00:00:38

Health: -3/30      AC: 10    Str: 11    XL:     5   Next: 0%
Magic:  6/6        EV: 10    Int: 14    God:
Gold:   69         SH:  0    Dex: 14    Spells: 5/6 levels left

rFire   . . .        Y - +1 sling
rCold   . . .        (no shield)
rNeg    + . .        k - +0 ring mail
rPois   inf          f - +0 helmet
rElec   +            (no cloak)
rCorr   .            (no gloves)
SInv    .            (no boots)
Will    .....        (no amulet)
Stlth   +            (no ring)
HPRegen 0.25/turn    (no ring)
MPRegen 0.10/turn

%: no passive effects
@: no status effects
A: sickness immunity, AC +4, negative energy resistance 1, electricity
resistance, torment resistance 1, petrification resistance
a: no special abilities


You were on level 2 of the Dungeon.
You visited 1 branch of the dungeon, and saw 2 of its levels.

You collected 69 gold pieces.


Innate Abilities, Weirdness & Mutations

You are immune to sickness and miasma.
Your stone body is resilient. (AC +4)
You are immune to poison.
You resist negative energy. (rN+)
You are resistant to electric shocks. (rElec)
You are resistant to unholy torment.
You are immune to petrification.


   Skills:
 - Level 2.0 Fighting
 + Level 4.5 Ranged Weapons
 - Level 1.0 Armour
 - Level 1.5 Dodging
 - Level 1.0 Spellcasting
 - Level 2.6 Hexes


You had 5 spell levels left.
You knew the following spells:

 Your Spells              Type           Power      Damage    Failure   Level
a - Slow                  Hex            32%        N/A       21%         1

Your spell library contained the following spells:

 Spells                   Type           Power      Damage    Failure   Level
 Inner Flame              Hex/Fire       4%         N/A       71%         3
 Portal Projectile        Hex/Tloc       8%         N/A       71%         3
 Cause Fear               Hex            4%         N/A       90%         4

Inventory:

Hand Weapons
 Y - a +1 sling (weapon)
Armour
 f - a +0 helmet (worn)
 k - a +0 ring mail (worn)
Scrolls
 a - 3 scrolls of enchant weapon {unknown}
 h - a scroll of identify
Potions
 g - a potion of curing {unknown}

Dungeon Overview and Level Annotations

Branches:
Dungeon (2/15)

Altars:

Annotations:
D:2 Natasha


Message History

Natasha is heavily wounded.
Natasha stares at you and mumbles some strange words.
The magic dart hits you.
You shoot a sling bullet. The sling bullet hits Natasha.
Natasha is severely wounded.
Natasha claws you but does no damage.
You shoot a sling bullet.
The sling bullet closely misses Natasha.
Natasha drinks a potion.
Natasha is healed!
Natasha claws you.
You shoot a sling bullet.
The sling bullet hits Natasha but does no damage.
Natasha claws you but does no damage.
You shoot a sling bullet.
The sling bullet closely misses Natasha.
Natasha closely misses you.
You shoot a sling bullet. The sling bullet hits Natasha!
Natasha is heavily wounded.
Natasha completely misses you. Natasha claws you!
You shoot a sling bullet. The sling bullet hits Natasha.
Natasha is severely wounded.
Natasha claws you.
You shoot a sling bullet.
The sling bullet hits Natasha but does no damage.
Natasha is severely wounded.
Natasha claws you but does no damage.
You shoot a sling bullet.
The sling bullet closely misses Natasha.
Natasha claws you. x2
You shoot a sling bullet. The sling bullet misses Natasha.
Natasha claws you but does no damage.
You shoot a sling bullet.
The sling bullet hits Natasha but does no damage.
Natasha is severely wounded.
Natasha wildly gestures.
You feel troubled. Natasha barely misses you.
You shoot a sling bullet.
The sling bullet closely misses Natasha.
Natasha claws you but does no damage. Natasha claws you.
You die...

#..# #..
#.. #..
#%# #.#
#.###
#@h|#
###.#
####.##.#
#.......#
#.##.####
#.##.#
#.##..
#.#
#.#####
#.# #.#


You could see Natasha.

Vanquished Creatures
  Natasha (twice) (D:2)
  An adder (D:2)
  3 dart slugs
  4 ball pythons (D:1)
  3 bats (D:1)
  3 endoplasms (D:1)
  2 giant cockroaches (D:1)
  5 goblins
  3 hobgoblins
  7 jackals
  3 quokkas
  2 frilled lizards (D:1)
  4 kobolds
  5 rats (D:1)
47 creatures vanquished.

Notes
Turn   | Place    | Note
-------+----------+-------------------------------------------
     0 | D:1      | qw the Gargoyle Hexslinger began the quest for the Orb.
     0 | D:1      | Reached XP level 1. HP: 12/12 MP: 2/2
     0 | D:1      | 0 ||| qw: Version: 0.3-a-52-g30416fa
     0 | D:1      | 0 ||| qw: Game counter: 5974
     0 | D:1      | 0 ||| qw: Melee chars always use a shield: true
     0 | D:1      | 0 ||| qw: God list: Okawaru
     0 | D:1      | 0 ||| qw: Allow faded altars: false
     0 | D:1      | 0 ||| qw: Do Orc after clearing Dungeon:15 true
     0 | D:1      | 0 ||| qw: Do second Lair branch before Depths: true
     0 | D:1      | 0 ||| qw: Lair rune preference: random
     0 | D:1      | 0 ||| qw: Goals: Normal
     0 | D:1      | 0 ||| PLANNING D:1-11
   147 | D:1      | Reached XP level 2. HP: 16/16 MP: 3/3
   171 | D:1      | Reached skill level 3 in Ranged Weapons
   307 | D:1      | Reached XP level 3. HP: 21/21 MP: 4/4
   694 | D:1      | 694 ||| UPGRADING to +0 leather armour.
   704 | D:1      | 704 ||| DROPPING +0 robe.
   705 | D:1      | 705 ||| UPGRADING to +0 helmet.
   710 | D:1      | 710 ||| UPGRADING to +0 ring mail.
   720 | D:1      | 720 ||| DROPPING +0 leather armour.
   721 | D:1      | 721 ||| READING 2 scrolls labelled XIVOULLOWKY.
   722 | D:1      | 722 ||| READING 2 scrolls labelled ANEWUL LOZOMP.
   723 | D:1      | 723 ||| READING scroll labelled DAS QILAGEZAC.
   728 | D:1      | 728 ||| DRINKING 2 emerald potions.
   729 | D:1      | 729 ||| DROPPING scroll of fog.
   730 | D:1      | 730 ||| DROPPING scroll of poison.
   731 | D:1      | 731 ||| DROPPING potion of attraction.
   827 | D:2      | 827 ||| FLEEEEING.
   828 | D:2      | 828 ||| FLEEEEING.
   829 | D:2      | 829 ||| FLEEEEING.
   832 | D:2      | 832 ||| FLEEEEING.
   833 | D:2      | 833 ||| FLEEEEING.
   836 | D:2      | 836 ||| STAIRDANCE
   858 | D:2      | Reached skill level 1 in Armour
   880 | D:2      | Noticed Natasha
   883 | D:2      | Killed Natasha
   884 | D:2      | Reached XP level 4. HP: 24/26 MP: 5/5
   913 | D:2      | Reached skill level 4 in Ranged Weapons
   987 | D:2      | Noticed Natasha
   997 | D:2      | Killed Natasha
  1002 | D:2      | Reached XP level 5. HP: 11/30 MP: 6/6
  1041 | D:2      | Noticed Natasha
  1050 | D:2      | HP: 7/30 [Natasha (4)]
  1052 | D:2      | HP: 2/30 [Natasha (5)]
  1055 | D:2      | Slain by Natasha

Levels and vault maps discovered:
D:1:      giann_forest_graveyard, layout_basic, minmay_box_of_dots
D:2:      layout_loops_ring, kennysheep_cross_bottleneck, uniq_natasha

Skill      XL: |  1  2  3  4 |
---------------+-------------+-----
Ranged Weapons | 3 4 |  4.5
Fighting       | 2 |  2.0
Armour         | 1 |  1.0
Dodging        | |  1.5
Spellcasting   | |  1.0
Hexes          | |  2.6

Action                     |  1- 3 |  4- 6 || total
---------------------------+-------+-------++-------
   Fire: Sling             |   122 |    47 ||   169
    Use: Scroll            |     3 |       ||     3
         Potion            |     1 |       ||     1
 Armour: Robe              |    12 |       ||    12
         Ring mail         |    27 |    27 ||    54
  Dodge: Dodged            |    48 |    22 ||    70

Table legend:
 A = Non-vault XP
 B = Vault XP
 C = Vault XP percentage of total XP
 D = Non-vault monster count
 E = Vault monster count
 F = Vault count percentage of total count
                 A         B        C        D         E       F
            +---------+---------+-------+---------+---------+-------
      Total |     123 |      43 |  25.9 |      43 |       4 |   8.5
            +---------+---------+-------+---------+---------+-------
        D:1 |      47 |       8 |  14.5 |      29 |       3 |   9.4
        D:2 |      76 |      35 |  31.5 |      14 |       1 |   6.7
            +---------+---------+-------+---------+---------+-------
